 Dungeon Crawl Stone Soup version 0.18.1-50-g88ac8fd (webtiles) character file.

423 lorenzova the Conjurer (level 6, -2/32 HPs)
             Began as a Deep Elf Conjurer on Oct 25, 2016.
             Slain by an elf zombie (6 damage)
             ... in an ossuary.
             The game lasted 00:08:57 (3317 turns).

lorenzova the Conjurer (Deep Elf Conjurer)          Turns: 3317, Time: 00:08:58

Health: -2/32      AC:  2    Str:  5    XL:     6   Next: 63%
Magic:  1/17       EV: 13    Int: 22    God:
Gold:   187        SH:  0    Dex: 15    Spells: 2 memorised, 12 levels left

rFire  . . .     SeeInvis .     h - +0 dagger
rCold  . . .     Gourm    .     a - +0 robe
rNeg   . . .     Faith    .     (no shield)
rPois  .         Spirit   .     (no helmet)
rElec  .         Dismiss  .     (no cloak)
rCorr  .         Reflect  .     (no gloves)
SustAt .         Harm     .     (no boots)
MR     +....                    (no amulet)
Stlth  +++.......               r - ring of protection from magic
                                t - ring of stealth

@: very slightly contaminated, invisible, somewhat resistant to hostile
enchantments, fairly stealthy
A: no striking features
a: no special abilities


You were in an ossuary.
You were near starving.

You visited 1 branch of the dungeon, and saw 5 of its levels.
You also visited: Ossuary.

You collected 187 gold pieces.

Inventory:

Hand Weapons
 h - a +0 dagger (weapon)
Armour
 a - a +0 robe (worn)
Jewellery
 i - an uncursed ring of protection from fire
 r - a ring of protection from magic (right hand)
 t - a ring of stealth (left hand)
Scrolls
 f - 2 scrolls of blinking {unknown}
 k - 2 scrolls of identify
 n - a scroll of magic mapping {unknown}
 q - 2 scrolls of remove curse {unknown}
Potions
 d - a potion of invisibility
 e - 2 potions of brilliance {unknown}
 g - 2 potions of lignification {unknown}
 l - a potion of curing {unknown}
 m - a potion of heal wounds {unknown}
 s - a potion of degeneration {unknown}
Books
 b - a book of Conjurations

   Spells                             Type                      Level
   a - Magic Dart                     Conjuration                  1
   b - Searing Ray                    Conjuration                  2
   c - Dazzling Spray                 Conjuration/Hexes            3
   d - Fulminant Prism                Conjuration/Hexes            4
   e - Iskenderun's Mystic Blast      Conjuration                  4
   f - Iskenderun's Battlesphere      Conjuration/Charms           5
Comestibles
 c - 3 bread rations
 j - 3 meat rations
 o - a beef jerky
 p - a royal jelly


   Skills:
 - Level 2.4 Dodging
 - Level 2.4 Stealth
 + Level 6.3 Spellcasting
 + Level 7.4 Conjurations


You had 12 spell levels left.
You knew the following spells:

 Your Spells              Type           Power        Failure   Level  Hunger
a - Magic Dart            Conj           ####         1%          1    None
b - Iskenderun's Mystic   Conj           #####...     4%          4    ###....


Dungeon Overview and Level Annotations

Branches:
Dungeon (5/15)
 Temple: D:4-7

Altars:
Cheibriados
Qazlal
Trog
Xom
Yredelemnul

Shops:
D:4 [

Annotations:
D:4 Pikel Ossuary feelmyfire's ghost, amateur MiFi


Message History

Press: ? - help, Shift-Dir - straight line, f/p - elf zombie
Aim: an elf zombie (hasn't noticed you)
The magic dart hits the elf zombie.
Casting: Magic Dart
Confirm with . or Enter, or press ? or * to list all spells.
Aiming: Magic Dart
Press: ? - help, Shift-Dir - straight line, f/p - elf zombie
Aim: an elf zombie (hasn't noticed you)
The magic dart hits the elf zombie.
Casting: Magic Dart
Confirm with . or Enter, or press ? or * to list all spells.
Aiming: Magic Dart
Press: ? - help, Shift-Dir - straight line, f/p - elf zombie
Aim: an elf zombie (hasn't noticed you)
The magic dart hits the elf zombie.
You flicker back into view.
Drink which item? (? for menu, Esc to quit)
You fade into invisibility!
The elf zombie hits you.
You die...

#M...Z..+...∩∩∩...+
##...Z.###.ZM∩...##
#.Z...# #.......#
##...## ##..Z..##
##### ###.### #+#
###.### ##.....##
#...Z@..# #.......#
#.......# ##.....##
###.### ###


You could see an elf zombie.

Vanquished Creatures
  An ogre (D:4)
  3 elf skeletons (D:5)
  2 worker ants (D:5)
  4 adders (D:2)
  A shadow imp (D:5)
  An ooze (D:2)
  3 worms
  A dart slug (D:1)
  3 giant geckos (D:1)
  5 orcs (D:4)
  4 bats
  2 giant cockroaches (D:1)
  6 goblins
  5 hobgoblins
  6 kobolds
  A quokka (D:4)
  2 ball pythons
  2 giant newts
  4 rats
56 creatures vanquished.

Notes
Turn   | Place    | Note
--------------------------------------------------------------
     0 | D:1      | lorenzova the Deep Elf Conjurer began the quest for the Orb.
     0 | D:1      | Reached XP level 1. HP: 10/10 MP: 6/6
   414 | D:1      | Reached XP level 2. HP: 15/15 MP: 5/8
   473 | D:1      | Reached skill level 5 in Conjurations
  1073 | D:1      | Reached XP level 3. HP: 19/19 MP: 6/9
  1529 | D:2      | Found a basalt altar of Yredelemnul.
  1529 | D:2      | Found a bloodstained altar of Trog.
  1599 | D:2      | Reached XP level 4. HP: 24/24 MP: 9/11
  1605 | D:2      | Learned a level 4 spell: Iskenderun's Mystic Blast
  1624 | D:2      | Reached skill level 6 in Conjurations
  1977 | D:2      | You fall through a shaft for 2 floors!
  2015 | D:3      | Found a shimmering altar of Xom.
  2015 | D:3      | Found a snail-covered altar of Cheibriados.
  2218 | D:4      | Found a stormy altar of Qazlal.
  2238 | D:4      | Noticed an ogre
  2244 | D:4      | Killed an ogre
  2244 | D:4      | Reached XP level 5. HP: 28/28 MP: 3/14
  2410 | D:4      | Found Menkywaech's Armour Emporium.
  2444 | D:4      | Noticed Pikel
  2444 | D:4      | Noticed a slave
  2444 | D:4      | Noticed a slave
  2445 | D:4      | Noticed a slave
  2445 | D:4      | Noticed a slave
  2474 | D:5      | Entered Level 5 of the Dungeon
  2544 | D:5      | Reached skill level 5 in Spellcasting
  2739 | D:5      | Reached skill level 7 in Conjurations
  2739 | D:5      | Reached XP level 6. HP: 9/32 MP: 0/16
  2940 | D:5      | Found a sand-covered staircase.
  3252 | Ossuary  | Entered an ossuary
  3255 | Ossuary  | Noticed feelmyfire's ghost (amateur MiFi)
  3317 | Ossuary  | Slain by an elf zombie

Skill      XL: |  1  2  3  4  5  6 |
---------------+-------------------+-----
Conjurations   | 5 6 7 |  7.4
Spellcasting   | 4 5 6 |  6.3
Dodging        | |  2.4
Stealth        | |  2.4

Action                   |  1- 3 |  4- 6 || total
-------------------------+-------+-------++-------
Melee: Unarmed           |     4 |       ||     4
       Dagger            |       |     7 ||     7
 Cast: Magic Dart        |    67 |   116 ||   183
       Iskenderun's Myst |       |     5 ||     5
  Use: Potion            |       |     2 ||     2
       Scroll            |       |     1 ||     1
 Stab: Sleeping          |       |     1 ||     1
  Eat: Chunk             |     1 |     5 ||     6
Armor: Robe              |       |     4 ||     4
Dodge: Dodged            |     4 |    34 ||    38
